 Dungeon Crawl Stone Soup version 0.30.0-15-g856e2d3f33 (webtiles) character file.

Game seed: 899887555958698187

111 PhantomBowie the Trooper (level 4, -1/29 HPs)
             Began as a Gargoyle Berserker on May 18, 2023.
             Was a Believer of Trog.
             Killed from afar by Ijyb (12 damage)
             ... with a bolt of acid
             ... on level 3 of the Dungeon.
             The game lasted 00:05:03 (1964 turns).

PhantomBowie the Trooper (Gargoyle Berserker)       Turns: 1964, Time: 00:05:03

Health: -1/29      AC: 12    Str: 22    XL:     4   Next: 92%
Magic:  4/4        EV: 10    Int:  8    God:    Trog [**....]
Gold:   115        SH:  0    Dex:  9    Spells: 3/3 levels left

rFire   . . .        t - +4 quarterstaff (chaos)
rCold   . . .        (shield currently unavailable)
rNeg    + + .        v - +0 pearl dragon scales
rPois   ∞            (no helmet)
rElec   +            s - +0 cloak
rCorr   .            (no gloves)
SInv    .            (no boots)
Will    .....        (no amulet) Stlth
                     (no ring)
HPRegen 0.24/turn    (no ring)
MPRegen 0.09/turn

%: no passive effects
@: corroded
A: sickness immunity, AC +3, negative energy resistance 1, electricity
resistance, torment resistance 1, petrification resistance
a: Renounce Religion, Berserk, Trog's Hand


You were on level 3 of the Dungeon.
You worshipped Trog.
Trog was pleased with you.
You visited 1 branch of the dungeon, and saw 3 of its levels.

You collected 115 gold pieces.

Inventory:

Hand Weapons
 a - a +0 mace
 t - a +4 quarterstaff of chaos (weapon)
Armour
 s - a +0 cloak (worn)
 v - +0 pearl dragon scales (worn)
Jewellery
 b - a ring of magical power
Wands
 r - a wand of flame (7)
 u - a wand of roots (6)
Scrolls
 c - 4 scrolls of identify {unknown}
 d - 2 scrolls of magic mapping {unknown}
 e - a scroll of teleportation {unknown}
 f - a scroll of blinking {unknown}
 g - a scroll of fear {unknown}
 h - a scroll of torment {unknown}
 p - a scroll of enchant weapon {unknown}
 q - a scroll of enchant armour {unknown}
Potions
 i - 5 potions of curing {unknown}
 j - a potion of magic {unknown}
 l - a potion of might {unknown}
 m - a potion of lignification {unknown}
 n - a potion of heal wounds {unknown}
 o - a potion of brilliance {unknown}


   Skills:
 + Level 4.1 Fighting
 + Level 3.7 Maces & Flails
 + Level 3.3 Armour
 + Level 2.3 Dodging


You had 3 spell levels left.
You didn't know any spells.
Your spell library was empty.

Dungeon Overview and Level Annotations

Branches:
Dungeon (3/15)

Altars:

Annotations:
D:3 Ijyb


Innate Abilities, Weirdness & Mutations

You are immune to sickness and miasma.
Your stone body is resilient. (AC +3)
You are immune to poison.
You resist negative energy. (rN+)
You are resistant to electric shocks. (rElec)
You are resistant to unholy torment.
You are immune to petrification.


Message History

Trog accepts your kill.
Items here: )))) †††.
Okay, then.
Found a stone staircase leading down.
i - 5 lumpy silvery potions (gained 1)
Found a mace.
A rat comes into view.
A kobold comes into view. It is wielding a +0 dagger.
The rat completely misses you.
You sock the rat!
You kill the rat!
Trog accepts your kill.
You sock the kobold!
You kill the kobold!
Trog accepts your kill.
An adder comes into view.
The adder hisses angrily.
Things that are here:
a +0 dagger; 8 stones; 18 gold pieces You now have 115 gold pieces (gained 18).
Found an escape hatch in the ceiling.
The adder bites you but does no damage. The adder barely misses you.
You miss the adder. The adder bites you but does no damage.
You hit the adder.
The adder is poisoned.
The adder is heavily wounded.
The adder bites you but does no damage. x2
You sock the adder!
You kill the adder!
Trog accepts your kill.
You see here an adder corpse.
c - 4 scrolls labelled KUTHEM EDGHETHRE (gained 1) Ijyb the Twisted Goblin comes into view.
She is wielding a +0 dagger, wearing a +2 scale mail of fire resistance and carrying a wand of acid (12).
Ijyb shouts!
You open the door.
Ijyb zaps a wand.
The bolt of acid misses you.
A worm comes into view.
Ijyb zaps a wand.
The bolt of acid hits you.
A bat comes into view.
Ijyb zaps a wand.
The bolt of acid hits you! The acid corrodes you!
You hit Ijyb but do no damage.
Ijyb zaps a wand.
The bolt of acid hits you!
You die...

#...)....# ....#
#........##....#
#.........#....#
#......†..'....# ######
#........##....# ......
#####..........###......
#...................
#............g.w....
#...........@b......
#........<.......###
#..........#.....#
#..........'.....#
#.........##......#
#.........####.....#
#.........# .....#
#.........# .....+
########### ....


You could see Ijyb, a worm and a bat.

Vanquished Creatures
  Crazy Yiuf (D:2)
  An adder (D:3)
  2 dart slugs (D:1)
  3 orcs (D:3)
  5 endoplasms
  2 giant cockroaches
  6 goblins
  6 hobgoblins
  6 jackals (D:1)
  5 kobolds
  3 quokkas
  3 ball pythons (D:1)
  7 bats (D:1)
  3 frilled lizards
  10 rats
63 creatures vanquished.

Notes
Turn   | Place    | Note
-------+----------+-------------------------------------------
     0 | D:1      | PhantomBowie the Gargoyle Berserker began the quest for the
                  | Orb.
     0 | D:1      | Reached XP level 1. HP: 14/14 MP: 1/1
   130 | D:1      | Reached XP level 2. HP: 19/19 MP: 2/2
   224 | D:1      | Found a faded altar of an unknown god.
   290 | D:1      | Reached XP level 3. HP: 23/23 MP: 3/3
   350 | D:1      | Reached ** piety under Trog
  1072 | D:2      | Reached XP level 4. HP: 29/29 MP: 4/4
  1532 | D:2      | Found a runed translucent door.
  1533 | D:2      | Noticed Crazy Yiuf
  1636 | D:2      | HP: 1/29 [Crazy Yiuf/puff of flame (2)]
  1639 | D:2      | Killed Crazy Yiuf
  1640 | D:2      | Reached skill level 4 in Fighting
  1958 | D:3      | Noticed Ijyb
  1964 | D:3      | Killed from afar by Ijyb

Illustrated notes

Levels and vault maps discovered:
D:1:      onia_arrival_handbag, layout_loops_ring, ebering_ecumenical_altar_box
D:2:      minmay_wonky_spiral, layout_basic, uniq_crazy_yiuf_cottage
D:3:      layout_basic, uniq_ijyb

Skill      XL: |  1  2  3  4 |
---------------+-------------+-----
Dodging        | 2 |  2.3
Armour         | 3 |  3.3
Fighting       | 4 |  4.1
Maces & Flails | |  3.7

Action                     |  1- 3 |  4- 6 || total
---------------------------+-------+-------++-------
  Melee: Mace              |   135 |    27 ||   162
         Quarterstaff      |       |    15 ||    15
 Invoke: Berserk           |       |     1 ||     1
 Armour: Animal skin       |    52 |       ||    52
         Ring mail         |    11 |     8 ||    19
         Pearl dragon scal |       |     6 ||     6
  Dodge: Dodged            |    92 |    17 ||   109
